 Dungeon Crawl Stone Soup version 0.31.0-12-g77e489cdc1 (webtiles) character file.

Game seed: 12089743860072621077

28 KennySheep the Chopper (level 3, -1/30 HPs)
             Began as a Hill Orc Gladiator on Mar 3, 2024.
             Was a Follower of Beogh.
             Slain by Terence
             ... wielding a +0 flail
              (3 damage)
             ... on level 2 of the Dungeon.
             The game lasted 00:02:27 (1068 turns).

KennySheep the Chopper (Hill Orc Gladiator)         Turns: 1068, Time: 00:02:27

Health: -1/30      AC:  9    Str: 18    XL:     3   Next: 12%
Magic:  3/3        EV:  8    Int:  8    God:    Beogh [*.....]
Gold:   90         SH:  0    Dex: 12    Spells: 2/2 levels left

rFire   . . .        a - +0 war axe
rCold   . . .        (no shield)
rNeg    . . .        h - +0 chain mail
rPois   .            c - +0 helmet
rElec   .            (no cloak)
rCorr   .            (no gloves)
SInv    .            (no boots)
Will    .....        (no amulet) Stlth
                     (no ring)
HPRegen 0.25/turn    (no ring)
MPRegen 0.08/turn

%: no passive effects
@: no status effects
A: no striking features
a: Renounce Religion


You were on level 2 of the Dungeon.
You worshipped Beogh.
Beogh was aware of your devotion.
You visited 1 branch of the dungeon, and saw 2 of its levels.

You collected 90 gold pieces.

Inventory:

Hand Weapons
 a - a +0 war axe (weapon)
Missiles
 d - 3 throwing nets (quivered)
 e - a javelin
Armour
 b - a +0 leather armour
 c - a +0 helmet (worn)
 f - a +0 scale mail
 h - a +0 chain mail (worn)
Scrolls
 j - a scroll of fog {unknown}
 k - a scroll of fear {unknown}
Potions
 g - a potion of invisibility {unknown}


   Skills:
 + Level 2.9 Fighting
 * Level 4.7 Axes
 - Level 1.7 Throwing
 + Level 1.1 Armour
 - Level 2.4 Dodging
 + Level 1.2 Invocations


You had 2 spell levels left.
You didn't know any spells.
Your spell library was empty.

Dungeon Overview and Level Annotations

Branches:
Dungeon (2/15)

Altars:
Beogh

Annotations:
D:2 Terence


Message History

Press: ? - help, Dir - move target
As you read the scroll of blinking, it crumbles to dust.
You open the door.
There is an open door here.
As you close the door, it creaks loudly!
Terence breaks down the door.
There is an open door here.
You close the door.
Terence breaks down the door.
You see here the +2 short sword "Hydrabane" {venom, Str+6 Dex-3}.
Terence bares his teeth.
You see here a quokka corpse.
Terence screams, "I want your blood!" Terence attacks as he pursues you!
Terence barely misses you. Terence attacks as he pursues you!
Terence hits you but does no damage.
You hit Terence.
Terence is heavily wounded.
Terence barely misses you.
You closely miss Terence.
Terence is heavily wounded.
Terence hits you but does no damage.
You hit Terence.
Terence is severely wounded.
Terence barely misses you.
You closely miss Terence.
Terence is severely wounded.
Terence hits you with a +0 flail. x2
* * * LOW HITPOINT WARNING * * *
You hit Terence.
Terence is severely wounded.
Terence hits you but does no damage.
You barely miss Terence.
Terence is severely wounded.
Terence asks, "Do you want it fast or slow?"
Terence hits you with a +0 flail!
* * * LOW HITPOINT WARNING * * *
You barely miss Terence.
Terence is severely wounded.
Terence hits you with a +0 flail.
You die...
Terence says, "Rest in peace."

##..# ##....(..## #..## #.
.####...####.........####...####.
...........'.........+...........
.####...####.........####...#####
####..#####.......## #.)##
#........###..รท..## #.##
#[###.##.# ##...## #.# #.# #.##.#
##'## ##.##### #.###.##.# #@#
#.#....# #.....##.# #@# ##.###.#
##.######.#####.## ### #.#
##...## #.##.#...## #.#
#.....####.#.#.....##########.#
............###...##..........#
...........## ##.###.##########
.......####.###..###.# #.....##
##.#.......#


You could see Terence.

Vanquished Creatures
  An endoplasm (D:1)
  2 goblins (D:1)
  2 hobgoblins (D:2)
  4 jackals (D:1)
  A quokka (D:2)
  2 ball pythons
  3 bats
  2 frilled lizards
  5 kobolds (D:1)
  3 rats (D:1)
25 creatures vanquished.

Notes
Turn   | Place    | Note
-------+----------+-------------------------------------------
     0 | D:1      | KennySheep the Hill Orc Gladiator began the quest for the
                  | Orb.
     0 | D:1      | Reached XP level 1. HP: 18/18 MP: 1/1
    82 | D:1      | Found a faded altar of an unknown god.
   101 | D:1      | Prayed at the altar of an unknown god.
   101 | D:1      | Became a worshipper of Beogh the Brigand
   101 | D:1      | Reached * piety under Beogh
   190 | D:1      | Reached XP level 2. HP: 21/25 MP: 2/2
   321 | D:1      | Reached skill level 1 in Invocations
   649 | D:1      | Reached skill level 1 in Armour
   807 | D:2      | Reached XP level 3. HP: 30/30 MP: 3/3
   919 | D:2      | Identified the +2 short sword "Hydrabane" {venom, Str+6
                  | Dex-3}
  1014 | D:2      | Noticed Terence
  1067 | D:2      | HP: 1/30 [Terence/+0 flail (7)]
  1068 | D:2      | Slain by Terence

Illustrated notes

Levels and vault maps discovered:
D:1:      lemuel_arrival_lava_pool, layout_loops_ring,
          ebering_ecumenical_altar_petrified
D:2:      layout_loops_corners, uniq_terence, uniq_sigmund

Skill      XL: |  1  2 |
---------------+-------+-----
Invocations    | 1 |  1.2
Armour         | 1 |  1.1
Fighting       | |  2.9
Axes           | |  4.7
Throwing       | |  1.7
Dodging        | |  2.4

Action                     || total
---------------------------++-------
  Melee: War axe           ||    88
         Punch             ||     1
    Use: Scroll            ||     2
 Armour: Scale mail        ||    20
         Leather armour    ||     2
         Chain mail        ||    45
  Dodge: Dodged            ||    48
